AoeStats
← coolbeans

Nomad

510349462Analyzed
2v2 RM · 2d ago on Sep 30, 2026· 50m 48s· 4 players
Game mode
Random Map
Map size
176×176
Population
200
Speed
Normal
Resources
Standard
Victory
Conquest
Starting age
Dark Age
Ending age
Imperial Age
RankedLock teamsTeams togetherTeam positionsShared explorationLock speedFull tech treeHidden civsTurbo modeCheats
Victory
Defeat
🇮🇹 Spanish · Italy
1274
+14
🇦🇷 Huns · Argentina
1185
+18
🇹🇼 Mongols · Taiwan
1220
-16
🇩🇪 Persians · Germany
1219
-16
penguin952730
5:39 Loom
13:48 Feudal Age
14:50 Double-Bit Axe
16:43 Stone Mining
18:06 Fletching
20:19 Castle Age
18:23 Gold Mining
20:32 Padded Archer Armor
21:20 Bow Saw
21:10 Bodkin Arrow
25:18 Leather Archer Armor
27:08 Ballistics
39:18 Imperial Age
39:44 Horse Collar
40:44 Heavy Plow
42:15 Bloodlines
43:44 Conscription
44:34 Husbandry
45:23 Parthian Tactics
46:31 Light Cavalry
47:40 Elite Mangudai
48:46 Hussar
50:04 Scale Barding Armor
coolbeans
9:06 Loom
9:13 Loom
11:26 Feudal Age
21:19 Double-Bit Axe
24:56 Castle Age
24:09 Fletching
26:56 Scale Barding Armor
32:59 Bow Saw
43:37 Imperial Age
42:10 Padded Archer Armor
44:57 Chemistry
44:16 Leather Archer Armor
45:04 Two-Man Saw
43:39 Capped Ram
46:57 Ring Archer Armor
48:04 Pikeman
49:47 Scale Mail Armor
50:09 Chain Barding Armor
Elficovich
4:54 Loom
13:31 Feudal Age
17:25 Castle Age
17:57 Double-Bit Axe
18:38 Padded Archer Armor
18:50 Forging
31:32 Imperial Age
29:51 Leather Archer Armor
30:07 Bow Saw
30:49 Wheelbarrow
30:00 Town Watch
29:47 Elite Skirmisher
32:08 Fletching
32:59 Bodkin Arrow
33:45 Ballistics
36:47 Bracer
38:47 Hand Cart
39:05 Bloodlines
39:03 Scale Barding Armor
39:33 Iron Casting
39:04 Cavalier
41:00 Husbandry
41:28 Chain Barding Armor
43:14 Plate Barding Armor
45:25 Ring Archer Armor
45:37 Thumb Ring
50:12 Paladin
LoKogan
7:38 Loom
14:33 Feudal Age
23:02 Double-Bit Axe
23:52 Scale Barding Armor
23:57 Forging
25:10 Fishing Lines
27:56 Castle Age
26:37 Bloodlines
26:46 Horse Collar
27:41 Fletching
28:22 Forging
28:13 Scale Mail Armor
30:57 Squires
30:24 Pikeman
31:53 Iron Casting
33:54 Scale Barding Armor
36:04 Sanctity
36:10 Heavy Plow
36:28 Bow Saw
38:21 Husbandry
39:25 Wheelbarrow
42:44 Imperial Age
41:17 Bodkin Arrow
41:58 Ballistics
42:45 Marauders
43:07 Hand Cart
43:19 Elite Skirmisher
45:18 Chain Barding Armor
46:46 Two-Man Saw
51:55 Blast Furnace
Connection lost

Rejoining the realm…

Still unreachable

The connection could not be restored.

Session expired

The server has moved on; the page needs a fresh start.